Map: Ruins of Seras

Players

HuShang

  • Race: Protoss Protoss
  • League: Grandmaster

Maze - Winner!

  • Race: Zerg Zerg
  • League: Master

VOD

Have the link to the VOD?

Description

Time

  • Played on: March 6, 2016, 8:44 p.m.
  • Length: 14:05
Show
View Real Time Build Order
Export as new Build Order

HuShang Protoss 

Build Orders: 1 Gate Expand 

Get SALT Encoding   

  12  0:01  Probe (Chrono Boost)  
  13  0:11  Probe (Chrono Boost)  
  14  0:18  Pylon  
  14  0:22  Probe (Chrono Boost)  
  15  0:37  Probe (Chrono Boost)  
  16  0:42  Gateway  
  16  0:47  Probe (Chrono Boost)  
  17  0:58  Probe (Chrono Boost)  
  18  1:08  Probe (Chrono Boost)  
  19  1:22  Nexus  
  19  1:27  Assimilator  
  19  1:28  Probe (Chrono Boost)  
  20  1:34  Assimilator  
  20  1:38  Probe (Chrono Boost)  
  21  1:46  Cybernetics Core  
  21  1:49  Probe (Chrono Boost)  
  22  1:56  Pylon  
  22  2:00  Probe (Chrono Boost)  
  23  2:15  Warp Gate, Probe (Chrono Boost)  
  26  2:22  Adept (Chrono Boost)  
  26  2:25  Probe  
  27  2:33  Twilight Council  
  27  2:34  Probe  
  28  2:37  Probe (Chrono Boost)  
  29  2:46  Adept (Chrono Boost), Probe (Chrono Boost)  
  29  2:50  Probe (Chrono Boost)  
  33  2:57  Probe (Chrono Boost)  
  33  3:00  Probe (Chrono Boost)  
  34  3:06  Resonating Glaives (Chrono Boost)  
  34  3:07  Probe (Chrono Boost)  
  34  3:10  Probe (Chrono Boost)  
  36  3:19  Probe  
  37  3:22  Probe  
  37  3:26  Gateway  
  38  3:28  Gateway  
  38  3:29  Adept  
  38  3:32  Probe  
  41  3:34  Probe  
  41  3:41  Pylon  
  42  3:44  Probe  
  42  3:47  Mothership Core (Chrono Boost)  
  45  3:57  Probe (Chrono Boost)  
  46  4:08  Probe (Chrono Boost)  
  48  4:10  Probe (Chrono Boost)  
  48  4:13  Nexus  
  48  4:15  Nexus  
  50  4:25  Pylon  
  50  4:26  Adept x2  
  50  4:28  Adept  
  54  4:32  Pylon  
  54  4:36  Blink  
  54  4:39  Forge  
  54  4:42  Pylon  
  54  4:43  Probe (Chrono Boost)  
  54  4:44  Probe (Chrono Boost)  
  54  4:45  Assimilator x2  
  56  4:53  Probe (Chrono Boost)  
  56  4:56  Probe (Chrono Boost)  
  58  5:04  Probe (Chrono Boost)  
  60  5:08  Probe (Chrono Boost)  
  60  5:12  Protoss Ground Weapons Level 1 (Chrono Boost)  
  60  5:14  Probe  
  60  5:19  Probe  
  60  5:26  Probe  
  59  5:30  Probe  
  59  5:31  Probe  
  61  5:39  Probe  
  61  5:40  Gateway x2  
  61  5:41  Probe  
  61  5:42  Gateway  
  63  5:43  Probe  
  60  5:51  Stalker x3, Probe x2  
  60  5:55  Probe  
  67  5:57  Robotics Facility  
  67  6:02  Robotics Facility  
  67  6:03  Probe  
  68  6:05  Probe  
  68  6:07  Probe  
  68  6:15  Stalker x3, Probe  
  68  6:16  Probe  
  76  6:19  Probe  
  76  6:22  Photon Cannon  
  77  6:26  Probe  
  77  6:27  Probe  
  77  6:31  Probe  
  80  6:35  Pylon  
  80  6:36  Pylon  
  80  6:37  Protoss Ground Weapons Level 2 (Chrono Boost)  
  80  6:43  Stalker x5  
  80  6:44  Stalker  
  92  6:55  Assimilator x2  
  92  6:57  Observer x2 (Chrono Boost)  
  94  7:16  Immortal x2 (Chrono Boost)  
  102  7:25  Dark Shrine  
  102  7:26  Pylon  
  102  7:27  Pylon  
  102  7:32  Nexus  
  102  7:35  Pylon  
  102  7:50  Immortal (Chrono Boost)  
  102  7:51  Immortal (Chrono Boost)  
  108  7:54  Stalker x5  
  108  7:55  Stalker  
  120  7:58  Photon Cannon  
  120  8:00  Pylon, Probe x3  
  123  8:12  Probe x2  
  125  8:16  Gateway x2  
  125  8:26  Stalker x3  
  131  8:45  Immortal x2 (Chrono Boost)  
  139  8:49  Protoss Ground Weapons Level 3  
  139  8:54  Dark Templar  
  139  8:55  Dark Templar x3  
  147  9:03  Pylon  
  147  9:04  Pylon  
  147  9:05  Pylon  
  147  9:07  Pylon  
  147  9:27  Stalker  
  147  9:28  Stalker x7  
  127  9:50  Immortal x2 (Chrono Boost)  
  135  9:56  Stalker x4  
  135  9:57  Stalker x3  
  135  9:59  Stalker  
  141  10:21  Assimilator  
  141  10:22  Assimilator  
  141  10:23  Templar Archives  
  141  10:24  Immortal (Chrono Boost)  
  141  10:25  Immortal (Chrono Boost)  
  131  10:50  Charge  
  131  10:51  Zealot x4  
  131  10:52  Zealot x4  
  147  11:00  Nexus  
  147  11:02  Pylon  
  145  11:06  Immortal (Chrono Boost)  
  153  11:15  Pylon  
  153  11:17  Pylon, Zealot  
  153  11:18  Zealot x6  
  153  11:20  Pylon  
  140  11:43  Stalker x6  
  140  11:44  Stalker, Protoss Ground Armor Level 1  
  148  11:58  Robotics Facility  
  147  12:01  Robotics Facility  
  147  12:03  Pylon  
  139  12:25  Stalker x5  
  139  12:28  Observer (Chrono Boost)  
  146  12:35  Photon Cannon  
  144  12:45  Nexus  
  144  12:46  Pylon  
  144  12:49  Immortal (Chrono Boost)  
  144  12:50  Assimilator  
  148  12:52  High Templar x2  
  148  12:55  High Templar x2  
  148  12:56  Archon  
  148  12:57  Pylon  
  152  13:22  Zealot x2  
  152  13:25  Archon  
Show
View Real Time Build Order
Export as new Build Order

Maze Zerg - Winner!

Build Orders: Hatch First, Lurkers 

Get SALT Encoding   

  12  0:01  Drone  
  13  0:13  Overlord  
  13  0:18  Drone  
  14  0:31  Drone x2  
  16  0:36  Drone  
  17  0:55  Hatchery  
  16  0:58  Drone  
  16  1:02  Drone  
  18  1:19  Drone, Spawning Pool  
  18  1:25  Drone  
  19  1:44  Hatchery  
  18  1:47  Drone  
  18  1:50  Drone  
  20  2:05  Queen  
  20  2:07  Zergling x2  
  23  2:12  Queen  
  25  2:16  Zergling x2  
  25  2:17  Drone  
  25  2:21  Drone  
  28  2:25  Overlord  
  28  2:39  Overlord  
  28  2:45  Drone  
  28  2:46  Drone x3  
  28  2:50  Queen  
  34  2:55  Drone x2  
  36  3:03  Zergling x4  
  38  3:10  Queen  
  38  3:11  Extractor x2, Drone x2  
  40  3:17  Drone  
  40  3:18  Drone x2  
  42  3:23  Drone x2  
  44  3:28  Drone x3  
  44  3:31  Drone  
  48  3:39  Drone  
  48  3:40  Overlord x2  
  49  3:50  Overlord  
  49  3:59  Drone x5, Roach Warren  
  53  4:07  Drone  
  53  4:08  Drone x4  
  58  4:13  Zergling x2  
  58  4:14  Zergling x4  
  58  4:15  Metabolic Boost  
  61  4:22  Spine Crawler  
  60  4:26  Lair  
  60  4:36  Zergling x6  
  60  4:37  Zergling x2  
  64  4:40  Roach x5  
  74  4:47  Overlord  
  74  4:50  Extractor  
  74  4:51  Drone  
  74  4:52  Drone, Evolution Chamber  
  74  4:54  Overlord  
  74  4:59  Overlord  
  74  5:04  Overlord  
  74  5:08  Overlord  
  74  5:11  Drone x8  
  78  5:22  Overlord  
  78  5:26  Drone x7  
  80  5:31  Hydralisk Den  
  80  5:34  Drone x2  
  80  5:40  Drone  
  78  5:45  Zerg Missile Weapons Level 1  
  78  5:49  Drone x5  
  80  5:53  Extractor  
  79  5:59  Drone x5  
  79  6:02  Overseer  
  83  6:05  Hatchery  
  82  6:15  Glial Reconstitution, Muscular Augments  
  82  6:19  Drone x6  
  82  6:21  Extractor x2  
  82  6:25  Hydralisk x4  
  86  6:30  Zergling x10  
  86  6:31  Overseer  
  97  6:38  Spore Crawler  
  97  6:39  Spore Crawler  
  95  6:40  Spore Crawler  
  95  6:42  Hydralisk x2  
  95  6:46  Hydralisk  
  100  6:48  Zergling x6  
  100  6:53  Hydralisk x2  
  107  6:55  Zergling x6  
  109  7:08  Hydralisk x5  
  107  7:11  Zergling x4  
  119  7:17  Hydralisk x2  
  119  7:18  Hydralisk  
  119  7:20  Zergling x2  
  126  7:24  Hydralisk  
  128  7:36  Overlord  
  128  7:37  Overlord  
  128  7:42  Overlord x2  
  126  7:48  Lurker Den, Zerg Missile Weapons Level 2  
  126  7:51  Overlord x5  
  126  7:58  Overlord x2  
  126  8:00  Queen  
  128  8:09  Infestation Pit  
  128  8:10  Hydralisk x5  
  137  8:15  Hydralisk x2  
  140  8:24  Hydralisk  
  140  8:25  Hydralisk x3  
  146  8:30  Zergling x6  
  146  8:31  Zergling x4  
  151  8:36  Drone x4  
  152  8:43  Hydralisk x3  
  152  8:47  Pathogen Glands  
  158  8:52  Drone x4  
  162  8:57  Drone x4  
  166  9:09  Hive  
  166  9:11  Spire  
  166  9:14  Lurker  
  166  9:15  Lurker  
  167  9:19  Extractor  
  167  9:20  Extractor  
  167  9:21  Zergling x6  
  167  9:23  Overlord x3  
  168  9:32  Overlord  
  159  9:42  Hydralisk  
  159  9:43  Hydralisk x9  
  155  9:49  Overseer  
  153  9:54  Overseer  
  153  10:00  Spore Crawler  
  153  10:03  Overlord  
  153  10:04  Overseer  
  153  10:06  Hydralisk x2  
  154  10:09  Zergling x14  
  161  10:15  Overlord  
  158  10:29  Hydralisk x6  
  170  10:40  Spore Crawler  
  169  10:43  Hydralisk x4  
  169  10:46  Overseer  
  177  10:54  Drone x6  
  183  11:03  Hydralisk x3  
  181  11:06  Lurker  
  181  11:07  Lurker  
  174  11:19  Hydralisk  
  174  11:20  Hydralisk x4  
  177  11:32  Hydralisk  
  173  11:33  Hydralisk x4  
  170  11:41  Hydralisk x3  
  172  11:48  Hydralisk x3  
  176  11:54  Hydralisk x3  
  180  12:04  Lurker x3  
  183  12:14  Hydralisk  
  183  12:15  Hydralisk x3  
  183  12:17  Drone x7  
  173  12:24  Hydralisk x3  
  173  12:25  Hydralisk  
  178  12:36  Lurker x3  
  181  12:45  Greater Spire  
  181  12:46  Zergling x6  
  181  12:47  Zergling x16  
  181  12:51  Overseer  
  192  12:59  Overlord x2  
  192  13:01  Pneumatized Carapace  
  192  13:05  Overlord  
  192  13:07  Overlord x2  
  192  13:10  Overlord  
  192  13:18  Overlord  
  188  13:22  Overlord  
  176  13:28  Hydralisk x9  
  176  13:33  Hydralisk  
  176  13:34  Hydralisk  
Tags
 
Add a new tag
Caveats
  • Supply blocks, unpowered buildings, or Contaminate may cause inaccurate times.
  • Supply counts are checked every 10 seconds.